 Dungeon Crawl Stone Soup version 0.31-a0-940-gdaa99269f9 (webtiles) character file.

Game seed: 8305707256111576250

9 avis the Charlatan (level 2, 12/12 HPs)
             Began as a Felid Artificer on Oct 21, 2023.
             Got out of the dungeon alive.
             The game lasted 00:01:49 (381 turns).

avis the Charlatan (Felid Artificer)                 Turns: 381, Time: 00:01:49

Health: 12/12      AC:  1    Str:  8    XL:     2   Next: 3%
Magic:  3/3        EV: 18    Int: 12    God:
Gold:   26         SH:  0    Dex: 16    Spells: 1/1 levels left
                                        Lives:  0   Deaths: 1

rFire   . . .        (weapon unavailable)
rCold   . . .        (shield unavailable)
rNeg    . . .        (body armour unavailable)
rPois   .            (helmet unavailable)
rElec   .            (cloak unavailable)
rCorr   .            (gloves unavailable)
SInv    +            (boots unavailable)
Will    .....        (no amulet)
Stlth   ++           (no ring)
HPRegen 0.22/turn    (no ring)
MPRegen 0.08/turn

%: no passive effects
@: quick
A: very small, claws 1, fangs 3, see invisible, speed 1, shaggy fur 1, stealthy
paws, no weapons or thrown items, no armour, multi-lived
a: no special abilities


You escaped.
You visited 1 branch of the dungeon, and saw 1 of its levels.

You collected 26 gold pieces.

Inventory:

Wands
 a - a wand of flame (15) (quivered)
 b - a wand of charming (15)
 c - a wand of iceblast (5)
Scrolls
 d - a scroll of fog {unknown}


   Skills:
 - Level 1.0 Fighting
 * Level 3.2 Dodging
 - Level 1.3 Stealth
 - Level 4.0 Evocations


You had one spell level left.
You didn't know any spells.
Your spell library was empty.

Dungeon Overview and Level Annotations

Branches:
Dungeon (1/15)

Altars:


Innate Abilities, Weirdness & Mutations

You have sharp claws.
You have razor-sharp teeth.
You have supernaturally acute eyesight. (SInv)
You cover ground quickly. (Speed+)
You are covered in fur. (AC +1)
Your paws help you pounce on unaware monsters.
You are incapable of wielding weapons or throwing items.
You cannot wear armour.
You gain extra lives every three experience levels.


Message History

You see here a +0 club.
There is a stone staircase leading down here.
Found a helmet.
A hobgoblin comes into view.
A ball python comes into view.
The helpless hobgoblin fails to defend itself.
You scratch the hobgoblin.
The hobgoblin is severely wounded.
The hobgoblin hits you.
You scratch the hobgoblin but do no damage.
The hobgoblin is severely wounded.
The hobgoblin hits you.
You scratch the hobgoblin.
You kill the hobgoblin!
You scratch the ball python.
The ball python is severely wounded.
The ball python misses you. x2
You scratch the ball python.
You kill the ball python!
Training target 4.0 for Evocations reached!
Your Evocations skill increases to level 4!
You need to enable at least one skill for training.
You have reached level 2!
Found a stone staircase leading down.
You now have 26 gold pieces (gained 15).
Sorry, I don't know how to get there.
The draconian roars!
There is an open door here.
The spriggan shouts!
The elf shouts!
The felid hisses angrily.
The orc shouts!
The draconian roars!
The armataur shouts!
The kobold shouts!
The merfolk shouts!
The ogre shouts!
The formicid shouts!
The octopode shouts!
There is an open door here.
There is a staircase leading out of the dungeon here.
You have escaped!

#.###.###
###m#.#K#
###.###
#O#.#Q#
###.###
#B#.#x#
###'###
#...#
#.@.#
#####


There were no monsters in sight!

Vanquished Creatures
  2 bats (D:1)
  A goblin (D:1)
  A hobgoblin (D:1)
  A quokka (D:1)
  2 ball pythons (D:1)
  A kobold (D:1)
8 creatures vanquished.

Notes
Turn   | Place    | Note
-------+----------+-------------------------------------------
     0 | D:1      | avis the Felid Artificer began the quest for the Orb.
     0 | D:1      | Reached XP level 1. HP: 9/9 MP: 2/2
     2 | D:1      | Noticed a formicid
     2 | D:1      | Noticed an octopode
     4 | D:1      | Noticed an ogre
     4 | D:1      | Noticed a tengu
     6 | D:1      | Noticed a merfolk
     9 | D:1      | Noticed a ghoul
     9 | D:1      | Noticed an armataur
    11 | D:1      | Noticed a demigod
    11 | D:1      | Noticed a minotaur
    13 | D:1      | Noticed a vampire
    13 | D:1      | Noticed a vine stalker
    15 | D:1      | Noticed a draconian
    15 | D:1      | Noticed a human
    17 | D:1      | Noticed a demonspawn
    17 | D:1      | Noticed a meteoran
    19 | D:1      | Noticed a gargoyle
    21 | D:1      | Noticed a felid
    23 | D:1      | Noticed a spriggan
    23 | D:1      | Noticed an elf
    25 | D:1      | Noticed a gargoyle
    25 | D:1      | Noticed a troll
    27 | D:1      | Noticed a draconian
    27 | D:1      | Noticed a gargoyle
   112 | D:1      | Slain by a ball python
   254 | D:1      | Reached skill level 4 in Evocations
   254 | D:1      | Reached XP level 2. HP: 5/12 MP: 3/3
   381 | D:$      | Got out of the dungeon alive.

Illustrated notes

Levels and vault maps discovered:
D:1:      kb_arrival_jail, layout_loops_ring, serial_shops, shop, serial_glass,
          glass_columns_a, glass_columns_a, dk_noncrumbling_3

Skill      XL: |  1 |
---------------+----+-----
Evocations     | 4 |  4.0
Fighting       | |  1.0
Dodging        | |  3.2
Stealth        | |  1.3

Action                     || total
---------------------------++-------
  Melee: Unarmed           ||    28
         Bite              ||     1
   Stab: Sleeping          ||     1
 Armour: Skin              ||    11
  Dodge: Dodged            ||    20

Table legend: (Time is in decaauts)
 A = Elapsed time spent in this place.
 B = Non-inter-level travel time spent in this place.
 C = Inter-level travel time spent in this place.
 D = Time resting spent in this place.
 E = Time spent auto-exploring this place.
 F = Levels seen in this place.
 G = Mean time per level.
                   A        B        C        D        E       F      G
               +--------+--------+--------+--------+--------+-----+--------+
         Total |    319 |    289 |     30 |      0 |    182 |   1 |  319.0 |
       Dungeon |    319 |    289 |     30 |      0 |    182 |   1 |  319.0 |
               +--------+--------+--------+--------+--------+-----+--------+

Top non-repeatable levels by time:
     D:1: 319 daAuts
